 Dungeon Crawl Stone Soup version 0.30-a0-424-g7412bad402 (webtiles) character file.

Game seed: 7929227410839761845

6099 Pooter the Fighter (level 10, -14/101 HPs)
             Began as a Minotaur Berserker on Dec 9, 2022.
             Was a Priest of Trog.
             Demolished by Urug
             ... wielding a +5 vampiric battleaxe
              (24 damage)
             ... on level 10 of the Dungeon.
             The game lasted 00:41:45 (7547 turns).

Pooter the Fighter (Minotaur Berserker)             Turns: 7547, Time: 00:41:45

Health: -14/101    AC: 12    Str: 25    XL:     10   Next: 58%
Magic:  9/9        EV: 15    Int:  4    God:    Trog [***...]
Gold:   341        SH:  7    Dex: 13    Spells: 9/9 levels left

rFire   . . .      SeeInvis .    a - +5 war axe (freeze)
rCold   . . .      Faith    .    f - +0 kite shield
rNeg    . . .      Spirit   .    e - +1 chain mail of Amelioration {rElec Will+ Dex+2}
rPois   .          Reflect  .    (helmet restricted)
rElec   +          Harm     .    v - +0 cloak
rCorr   .          Rampage  .    (no gloves)
Will    +++..                    o - +0 pair of boots
Stlth   ..........               y - amulet of regeneration
HPRegen 2.16/turn                m - +4 ring of evasion
MPRegen 0.11/turn                q - +4 ring of evasion

@: strong-willed, on berserk cooldown, regenerating, slowed, very slow
A: horns 2, retaliatory headbutt
a: Renounce Religion, Berserk, Trog's Hand


You were on level 10 of the Dungeon.
You worshipped Trog.
Trog was most pleased with you.
You visited 1 branch of the dungeon, and saw 10 of its levels.

You collected 559 gold pieces.
You spent 218 gold pieces at shops.

Inventory:

Hand Weapons
 a - a +5 war axe of freezing (weapon)
   (You found it on level 4 of the Dungeon)
 i - a +1 scimitar of flaming
   (You took it off an efreet on level 9 of the Dungeon)
 E - the +7 Singing Sword {vorpal, sonic wave}
   (You took it off a goblin on level 4 of the Dungeon)

   It inflicts extra damage upon your enemies.
   It radiates damaging sonic waves as it strikes, especially in combat
   involving dangerous or numerous foes.
 G - a +3 flail of draining
   (You took it off Edmund on level 4 of the Dungeon)
 K - a +5 spear of venom
   (You took it off a gnoll sergeant on level 9 of the Dungeon)
 L - a +0 trident
   (You found it on level 6 of the Dungeon)
 P - a +1 hand axe of flaming
   (You took it off an orc on level 7 of the Dungeon)
Missiles
 c - 16 poisoned darts (quivered)
 p - 2 atropa-tipped darts
 u - 7 curare-tipped darts
 O - 3 boomerangs
 Q - 70 stones
 S - 2 silver javelins
Armour
 e - the +1 chain mail of Amelioration (worn) {rElec Will+ Dex+2}
   (You found it on level 9 of the Dungeon)

   Dex:       It affects your dexterity (+2).
   rElec:     It insulates you from electricity.
   Will:      It increases your willpower.
 f - a +0 kite shield (worn)
   (You took it off a gnoll sergeant on level 9 of the Dungeon)
 o - a +0 pair of boots (worn)
   (You found it on level 2 of the Dungeon)
 v - a +0 cloak (worn)
   (You found it on level 3 of the Dungeon)
 z - a +0 scale mail of poison resistance
   (You took it off an orc on level 4 of the Dungeon)
 H - a +1 chain mail
   (You found it on level 3 of the Dungeon)
Jewellery
 m - a +4 ring of evasion (left hand)
   (You found it on level 2 of the Dungeon)
 q - a +4 ring of evasion (right hand)
   (You found it on level 5 of the Dungeon)
 w - a ring of magical power
   (You found it on level 6 of the Dungeon)
 y - an amulet of regeneration (around neck)
   (You found it on level 4 of the Dungeon)
Wands
 d - a wand of iceblast (9)
   (You found it on level 4 of the Dungeon)
 D - a wand of digging (13)
   (You found it on level 5 of the Dungeon)
 J - a wand of charming (7)
   (You took it off a kobold on level 5 of the Dungeon)
Scrolls
 b - a scroll of blinking
 h - 3 scrolls of fear
 k - a scroll of poison {!r}
 s - 4 scrolls of immolation {unknown}
 t - 2 scrolls of teleportation {@r4}
 I - 2 scrolls of torment {!r}
 N - a scroll of silence
 R - a scroll of summoning
Potions
 g - 6 potions of curing {@q1}
 j - 5 potions of attraction {!q}
 l - a potion of ambrosia {unknown}
 n - a potion of degeneration {unknown}
 r - 3 potions of lignification {!q}
 x - 3 potions of flight {unknown}
 A - 3 potions of heal wounds {unknown}
 B - 2 potions of mutation {unknown}
 F - 2 potions of haste {unknown}
 M - a potion of invisibility {unknown}


   Skills:
 * Level 13.5 Fighting
 * Level 8.0 Long Blades
 * Level 11.7(11.8) Axes
 - Level 1.2(7.5) Maces & Flails
 - Level 2.4 Armour
 - Level 2.1 Dodging


You had 9 spell levels left.
You didn't know any spells.
Your spell library was empty.

Dungeon Overview and Level Annotations

Branches:
Dungeon (10/15)            Temple (0/1) D:6            Lair (0/5) D:9
    Orc: D:9-12

Altars:
Ashenzari
Kikubaaqudgha
Qazlal
Xom
Yredelemnul
The Shining One

Shops:
D:6 *

Annotations:
D:4 3 runed translucent doors, Crazy Yiuf
D:10 Urug


Innate Abilities, Weirdness & Mutations

You have a pair of horns on your head.
You reflexively headbutt those who attack you in melee.


Message History

Aim: Urug, wielding a +5 vampiric battleaxe, wearing a +0 scale mail and quivering javelins The mass of ice explodes!
The iceblast engulfs Urug!
Aim: Urug, wielding a +5 vampiric battleaxe, wearing a +0 scale mail and quivering javelins (moderately wounded)
The mass of ice explodes!
The iceblast engulfs Urug!
Aim: Urug, wielding a +5 vampiric battleaxe, wearing a +0 scale mail and quivering javelins (moderately wounded)
The mass of ice explodes!
The iceblast engulfs Urug!
Urug throws a javelin.
The javelin pierces through you!
A red film seems to cover your vision as you go berserk!
You feel yourself moving faster!
You feel mighty!
Urug mutters, "Sometimes I wonder if they all really are harpies."
Urug throws a javelin.
The javelin pierces through you!!
You feel a strong urge to attack something.
Found a wand of charming (3) and a condenser vane.
Urug hits you with a +5 vampiric battleaxe!!
Urug draws strength from your wounds!
Items here: ) / [ †.
You closely miss Urug.
Urug hits you with a +5 vampiric battleaxe.
You slice Urug!! You freeze Urug. Your headbutt misses Urug. You slice Urug!!
You freeze Urug! Your headbutt misses Urug.
Urug hits you with a +5 vampiric battleaxe!
* * * LOW HITPOINT WARNING * * *
Urug draws strength from your wounds!
You closely miss Urug.
Urug hits you with a +5 vampiric battleaxe!!
* * * LOW HITPOINT WARNING * * *
Urug draws strength from your wounds!
You closely miss Urug. Your headbutt misses Urug. You block Urug's attack.
You barely miss Urug. You headbutt Urug!
Unknown command.
You closely miss Urug. You headbutt Urug!!
Urug hits you with a +5 vampiric battleaxe!!
* * * LOW HITPOINT WARNING * * *
Urug draws strength from your wounds!
You hit Urug. You freeze Urug. Your headbutt misses Urug.
You are no longer berserk.
You are exhausted.
You feel yourself slow down.
Urug hits you with a +5 vampiric battleaxe!
* * * LOW HITPOINT WARNING * * *
You hit Urug but do no damage.
Urug hits you with a +5 vampiric battleaxe!
* * * LOW HITPOINT WARNING * * *
Urug draws strength from your wounds! Urug misses you.
You miss Urug.
Urug hits you with a +5 vampiric battleaxe.
* * * LOW HITPOINT WARNING * * *
You hit Urug but do no damage. Your headbutt misses Urug.
Urug hits you with a +5 vampiric battleaxe!!
You die...

...... ...
#..... ..
#.(...##.. .$..
.(....#.. ....
......<.. ....
#.((..# ...
#[..o.## ..#
.#....@.##.##
.............#
...$.....<.#..#
####.###...# .
W#. ##.... ./#
###..# #.} ..#
##. #.. ##.


You could see Urug and a wraith.

Vanquished Creatures
  A hydra (D:9)
  The ghost of bande the Chopper, a novice GrFi of Okawaru (D:4)
  Maggie (D:10)
  An efreet (D:9)
  The ghost of pokeman the Thaumaturge, a novice DEHW of Vehumet (D:5)
  A troll (D:9)
  Prince Ribbit (D:6)
  Sigmund (D:5)
  A yak (D:4)
  A vampire (D:9)
  A steam dragon (D:8)
  Edmund (D:4)
  2 water moccasins
  2 sky beasts
  3 ice beasts
  An orc warrior (D:9)
  2 black bears
  The ghost of olddryhag the Trooper, an amateur DrBe of Trog (D:3)
  A boggart (D:9)
  4 kobold brigands
  Blork the orc (D:4)
  A necrophage (D:3)
  3 bullfrogs
  A gnoll sergeant (D:9)
  14 wights
  3 howler monkeys (D:8)
  2 jellies
  4 hounds
  3 iguanas (D:5)
  Ijyb (D:5)
  5 orc wizards
  5 gnolls (D:9)
  5 adders
  2 shadow imps (D:7)
  2 white imps
  An ufetubus (D:7)
  3 worms
  3 dart slugs
  17 orcs
  8 ball pythons
  3 bats
  7 endoplasms
  3 giant cockroaches
  7 goblins
  8 hobgoblins
  5 jackals
  17 kobolds
  4 quokkas
  A frilled lizard (D:1)
  8 rats
175 creatures vanquished.

Vanquished Creatures (others)
  A fungus (D:5)
  2 plants (D:5)
3 creatures vanquished.

Grand Total: 178 creatures vanquished

Notes
Turn   | Place    | Note
-------+----------+-------------------------------------------
     0 | D:1      | Pooter the Minotaur Berserker began the quest for the Orb.
     0 | D:1      | Reached XP level 1. HP: 19/19 MP: 0/0
   150 | D:1      | Reached skill level 4 in Fighting
   249 | D:1      | Reached XP level 2. HP: 27/27 MP: 1/1
   678 | D:1      | Reached XP level 3. HP: 31/34 MP: 2/2
   954 | D:2      | Reached ** piety under Trog
   955 | D:2      | Reached skill level 5 in Fighting
  1023 | D:2      | Found a faded altar of an unknown god.
  1547 | D:3      | Found a runed translucent door.
  1547 | D:3      | Noticed olddryhag's ghost (amateur DrBe)
  1573 | D:3      | Killed olddryhag's ghost
  1574 | D:3      | Reached skill level 6 in Fighting
  1574 | D:3      | Reached skill level 5 in Axes
  1574 | D:3      | Reached XP level 4. HP: 44/44 MP: 3/3
  1574 | D:3      | Reached XP level 5. HP: 50/50 MP: 4/4
  2196 | D:4      | Noticed a black bear
  2206 | D:4      | Killed a black bear
  2207 | D:4      | Reached skill level 7 in Fighting
  2207 | D:4      | Reached XP level 6. HP: 60/60 MP: 5/5
  2212 | D:4      | Found a large runed translucent door.
  2212 | D:4      | Found a large runed translucent door.
  2218 | D:4      | Noticed a sky beast
  2223 | D:4      | Noticed a yak
  2270 | D:4      | Reached skill level 8 in Fighting
  2351 | D:4      | Found a large runed translucent door.
  2354 | D:4      | Found a large runed translucent door.
  2364 | D:4      | Noticed bande's ghost (novice GrFi)
  2385 | D:4      | Killed bande's ghost
  2386 | D:4      | Reached skill level 9 in Fighting
  2386 | D:4      | Reached XP level 7. HP: 51/70 MP: 6/6
  2455 | D:4      | You fall into a shaft and drop 3 floors!
  2668 | D:6      | Noticed Prince Ribbit
  2676 | D:6      | Killed Prince Ribbit
  2677 | D:6      | Reached XP level 8. HP: 79/79 MP: 7/7
  2749 | D:5      | Entered Level 5 of the Dungeon
  2771 | D:5      | Reached skill level 10 in Fighting
  2819 | D:5      | Noticed Ijyb
  2824 | D:5      | Killed Ijyb
  2912 | D:5      | Found a runed translucent gate.
  2912 | D:5      | Found a runed translucent gate.
  2912 | D:5      | Noticed pokeman's ghost (novice DEHW)
  2918 | D:5      | Found a runed translucent gate.
  2958 | D:4      | Noticed Blork the orc
  2961 | D:4      | Killed Blork the orc
  2977 | D:4      | Found a large runed translucent door.
  2977 | D:4      | Found a large runed translucent door.
  2981 | D:4      | Noticed Edmund
  2987 | D:4      | Killed Edmund
  3052 | D:4      | Found an ancient bone altar of Kikubaaqudgha.
  3052 | D:4      | Found a basalt altar of Yredelemnul.
  3060 | D:4      | Found a faded altar of an unknown god.
  3062 | D:4      | Found a shimmering altar of Xom.
  3064 | D:4      | Found a faded altar of an unknown god.
  3117 | D:4      | Reached skill level 1 in Maces & Flails
  3328 | D:4      | Found a runed translucent door.
  3329 | D:4      | Noticed Crazy Yiuf
  3495 | D:4      | Reached skill level 11 in Fighting
  3620 | D:5      | Noticed Sigmund
  3634 | D:5      | Killed Sigmund
  3635 | D:5      | Reached skill level 1 in Long Blades
  4242 | D:5      | Reached XP level 9. HP: 89/89 MP: 8/8
  4302 | D:5      | Found a glowing golden altar of the Shining One.
  4365 | D:5      | Killed pokeman's ghost
  4464 | D:6      | Found Hefischu's Assorted Antiques.
  4470 | D:6      | Reached *** piety under Trog
  4475 | D:6      | Bought a scroll of enchant weapon for 195 gold pieces
  4475 | D:6      | Bought a silvery potion for 23 gold pieces
  4576 | D:6      | Reached skill level 12 in Fighting
  4733 | D:6      | Found a staircase to the Ecumenical Temple.
  4737 | D:6      | Reached skill level 5 in Long Blades
  4737 | D:6      | Reached skill level 10 in Axes
  5828 | D:8      | Found a broken altar of Ashenzari.
  6160 | D:8      | Found a stormy altar of Qazlal.
  6239 | D:9      | Found a staircase to the Lair.
  6370 | D:9      | Identified the +1 chain mail of Amelioration {rElec Will+
                  | Dex+2}
  6528 | D:9      | Reached XP level 10. HP: 100/100 MP: 9/9
  6815 | D:9      | Reached skill level 13 in Fighting
  7085 | D:9      | Noticed an eight-headed hydra
  7221 | D:9      | Killed a five-headed hydra
  7371 | D:10     | Entered Level 10 of the Dungeon
  7371 | D:10     | Noticed Maggie
  7384 | D:10     | Noticed Urug
  7385 | D:10     | Killed Maggie
  7547 | D:10     | Demolished by Urug

Illustrated notes

Levels and vault maps discovered:
D:1:      psy_arrival_fountain, layout_loops_corners
D:2:      layout_loops_ring, ebering_ecumenical_altar_mist
D:3:      layout_rooms, hellmonk_ghost_happy_afterlife
D:4:      layout_rooms, chequers_temple_overflow_minitemple,
          ebering_ghost_disaster_area, minmay_curled_crystal,
          minmay_hollow_rounded_squares, uniq_blork_the_orc,
          uniq_crazy_yiuf_cottage, uniq_edmund
D:5:      layout_loops_cross, tso_oasis_becter, gammafunk_ghost_nasty_kobolds,
          uniq_ijyb, uniq_sigmund
D:6:      layout_cave_pools, temple_hall, serial_shops, nicolae_shop_stone,
          uniq_prince_ribbit1
D:7:      layout_basic
D:8:      layout_rooms, mainiacjoe_overflow_alcove_4, amcnicky_altar_gilded
D:9:      minmay_chambers_of_sixes, layout_irregular_city, lair_entry_dummy
D:10:     layout_cave_pools, orc_0_dummy, muffindrake_ghost_dual_entry,
          serial_shops, shop_fountains, uniq_maggie, uniq_sonja, uniq_urug,
          uniq_nergalle

Skill      XL: |  1  2  3  4  5  6  7  8  9 10 |
---------------+-------------------------------+-----
Fighting       | 4 6 7 9 11 12 13 | 13.5
Axes           | 4 5 6 7 9 10 11 | 11.7
Maces & Flails | 1 |  1.2
Long Blades    | 2 6 8 |  8.0
Armour         | |  2.4
Dodging        | |  2.1

Action                   |  1- 3 |  4- 6 |  7- 9 | 10-12 || total
-------------------------+-------+-------+-------+-------++-------
Melee: Hand axe          |    65 |       |       |       ||    65
       Headbutt          |    12 |    22 |    25 |    14 ||    73
       Short sword       |     9 |    99 |    55 |       ||   163
       Double sword      |       |       |    91 |       ||    91
       War axe           |       |       |    36 |    50 ||    86
       Flail             |       |       |     8 |       ||     8
       Punch             |       |       |     2 |       ||     2
       Scimitar          |       |       |       |     6 ||     6
Throw: Dart              |       |     5 |     7 |     9 ||    21
       Javelin           |       |       |       |     2 ||     2
Invok: Berserk           |     2 |     2 |     9 |     7 ||    20
       Trog's Hand       |     1 |     2 |     6 |     2 ||    11
Evoke: Wand              |       |       |    10 |     8 ||    18
  Use: Scroll            |     2 |     1 |    19 |     3 ||    25
 Stab: Sleeping          |     2 |       |       |       ||     2
Armor: Animal skin       |    10 |       |       |       ||    10
       Chain mail        |       |    39 |    57 |    19 ||   115
       Leather armour    |       |     3 |       |       ||     3
       Scale mail        |       |       |     9 |       ||     9
Dodge: Dodged            |    39 |    54 |   147 |    34 ||   274
Block: Kite shield       |       |       |     2 |    16 ||    18

Table legend: (Time is in decaauts)
 A = Elapsed time spent in this place.
 B = Non-inter-level travel time spent in this place.
 C = Inter-level travel time spent in this place.
 D = Time resting spent in this place.
 E = Time spent auto-exploring this place.
 F = Levels seen in this place.
 G = Mean time per level.
                   A        B        C        D        E       F      G
               +--------+--------+--------+--------+--------+-----+--------+
         Total |   7780 |   7544 |    236 |   1188 |   4772 |  10 |  778.0 |
       Dungeon |   7780 |   7544 |    236 |   1188 |   4772 |  10 |  778.0 |
               +--------+--------+--------+--------+--------+-----+--------+

Top non-repeatable levels by time:
     D:9: 1340 daAuts
     D:7: 1150 daAuts
     D:4: 1106 daAuts
     D:5: 1059 daAuts
     D:1: 910 daAuts
     D:2: 627 daAuts
     D:3: 554 daAuts
     D:6: 553 daAuts
     D:8: 444 daAuts
    D:10: 32 daAuts
